Map: Fracture LE

Players

kylebugg - Winner!

  • Race: Terran Terran
  • League: Diamond
  • Spawn Location: 11:00

Woogie

  • Race: Zerg Zerg
  • League: Diamond
  • Spawn Location: 5:00

VOD

Have the link to the VOD?

Description

I get annihilated by this Terran's Firebat/Ghost Timing. Didn't get to scout the early tech in the back of his mineral line. Not sure what I need to do different except scout that and stop droning earlier in response.

Time

  • Played on: Sept. 17, 2018, 2:54 p.m.
  • Length: 7:59
Show
View Real Time Build Order
Export as new Build Order

kylebugg Terran - Winner!

Build Orders: Liberator Opening, Reaper Expand 

Get SALT Encoding   

  12  0:01  SCV  
  13  0:13  SCV  
  14  0:17  Supply Depot  
  14  0:25  SCV  
  15  0:39  SCV  
  15  0:40  Barracks  
  16  0:44  Refinery  
  16  0:51  SCV  
  17  1:03  SCV  
  18  1:15  SCV  
  19  1:29  Reaper, Orbital Command  
  20  1:41  Command Center  
  20  1:49  Refinery  
  20  1:55  SCV  
  21  2:07  SCV  
  22  2:16  Factory  
  22  2:20  Supply Depot, SCV  
  23  2:41  SCV  
  24  2:51  Barracks Reactor  
  24  2:53  SCV  
  24  2:55  Orbital Command  
  25  3:07  Starport  
  25  3:08  SCV  
  26  3:21  SCV  
  27  3:42  SCV x2  
  27  3:44  Barracks Tech Lab  
  29  3:54  Liberator, SCV  
  29  3:58  SCV  
  29  4:00  Armory  
  29  4:01  Refinery  
  29  4:02  Hellion x2  
  34  4:06  SCV  
  35  4:10  Barracks, SCV  
  35  4:11  Barracks Tech Lab  
  35  4:15  Ghost Academy  
  39  4:18  SCV  
  39  4:22  SCV  
  39  4:23  Supply Depot  
  39  4:24  Hellion x2, Supply Depot  
  45  4:26  Engineering Bay  
  45  4:30  Marine  
  46  4:45  Hellion x2, SCV x2  
  52  4:57  SCV x2  
  52  4:59  Supply Depot  
  54  5:00  Barracks Tech Lab  
  54  5:02  Ghost  
  60  5:07  Hellion x2  
  60  5:09  SCV x2  
  60  5:11  Supply Depot  
  62  5:17  Refinery  
  62  5:21  SCV x2  
  62  5:23  Supply Depot  
  62  5:24  Ghost  
  62  5:26  Stimpack  
  68  5:28  Hellion  
  68  5:31  Ghost  
  68  5:33  SCV  
  71  5:36  Supply Depot  
  71  5:38  Hellion  
  71  5:39  Hellion x9  
  71  5:41  SCV  
  74  5:49  Hellion  
  76  5:53  Ghost  
  78  5:59  Ghost  
  80  6:22  Ghost  
  80  6:23  Hellion  
  80  6:24  Hellion  
  86  6:28  Ghost  
  86  6:29  Barracks  
  86  6:31  Barracks  
  86  6:32  Barracks  
  88  6:35  Command Center  
  70  6:55  Hellion x2  
  74  7:14  SCV  
  74  7:15  SCV  
  76  7:16  Hellion x2  
  76  7:17  Marine x2  
  82  7:26  SCV  
  82  7:27  SCV  
  81  7:37  Hellion  
  81  7:38  Hellion  
Show
View Real Time Build Order
Export as new Build Order

Woogie Zerg 

Build Orders: Hatch First 

Get SALT Encoding   

  12  0:00  Drone  
  13  0:13  Overlord  
  13  0:17  Drone  
  14  0:32  Drone x2  
  16  0:37  Drone  
  17  0:54  Hatchery  
  17  0:55  Drone  
  17  1:10  Spawning Pool  
  16  1:13  Extractor  
  16  1:14  Drone  
  16  1:22  Drone x2  
  18  1:29  Drone  
  19  1:41  Overlord  
  19  2:02  Queen  
  19  2:05  Zergling x4  
  19  2:07  Queen, Drone  
  26  2:19  Metabolic Boost  
  26  2:27  Spore Crawler  
  25  2:38  Drone  
  25  2:39  Drone x4  
  30  2:53  Overlord  
  30  2:54  Queen, Drone x2  
  30  2:55  Queen  
  36  3:14  Drone x4  
  36  3:17  Overlord  
  39  3:45  Hatchery  
  39  3:47  Drone x3  
  39  3:48  Drone x2, Overlord x2  
  42  3:49  Drone x4  
  42  3:55  Baneling Nest  
  45  4:06  Overlord  
  45  4:11  Zergling x8, Extractor  
  45  4:12  Extractor  
  45  4:16  Lair  
  49  4:46  Drone x5  
  49  4:47  Drone x2  
  56  4:54  Spore Crawler  
  55  5:02  Spore Crawler  
  54  5:10  Queen, Spore Crawler  
  55  5:14  Overlord  
  55  5:16  Drone x4  
  55  5:17  Drone  
  60  5:34  Spore Crawler, Overlord  
  60  5:35  Drone x3  
  61  6:11  Drone x2  
  61  6:12  Drone x6  
  61  6:17  Zergling x2  
  61  6:18  Zergling x14  
  77  6:20  Baneling  
  77  6:21  Baneling x8  
  77  6:26  Hatchery  
  68  6:49  Zergling x2  
  68  6:50  Zergling x26  
  68  7:01  Extractor  
  68  7:02  Extractor  
  68  7:04  Spire  
  60  7:11  Baneling x2  
  57  7:30  Extractor  
  57  7:33  Baneling x3  
Tags
 
Add a new tag
Caveats
  • Supply blocks, unpowered buildings, or Contaminate may cause inaccurate times.
  • Supply counts are checked every 10 seconds.